 Dungeon Crawl Stone Soup version 0.32-a0-329-ge6c31236d6 (webtiles) character file.

Game seed: 5827119762408242663

1821215 Sobieck the Acrobat (level 25, 309/309 HPs)
             Began as a Demigod Hunter on Feb 16, 2024.
             Escaped with the Orb
             ... and 3 runes!
             The game lasted 02:15:43 (59787 turns).

Sobieck the Acrobat (Demigod Hunter)               Turns: 59787, Time: 02:15:43

Health: 309/309    AC: 30    Str: 18    XL:     25   Next: 68%
Magic:  27/27      EV: 66    Int:  7    God:
Gold:   4034       SH: 29    Dex: 63    Spells: 24/24 levels left

rFire   + + .        b - +8 hand cannon (heavy)
rCold   + + .        J - +5 kite shield {reflect} {Donald}
rNeg    + + .        (body armour currently unavailable)
rPois   ∞            N - -2 hat of the Alchemist {rElec rPois rF+ rC+ rN+ Will+ rMut rCorr}
rElec   +            M - +0 cloak {Stlth+}
rCorr   +            F - melded +0 pair of gloves of Ewkalosk {rF+ rC+ Int+3}
SInv    .            z - melded +0 pair of boots {Fly}
Will    ++++.        a - amulet of Comank {Acrobat rC+ Will- Regen+}
Stlth   +++          r - ring "Gitziebb" {Will+ Str+6 Dex+6}
HPRegen 1.51/turn    k - ring of Wonder {rElec rF+ Int-4 Dex+8 Stlth+}
MPRegen 0.20/turn

%: reflection, acrobat, resist mutation
@: statue-form, studying 2 skills, very slow
A: slow and powerful, torment resistance 1, boosted hp, high MP 1, forlorn,
divine attributes, strong-willed 1
0: Orb of Zot
}: 3/15 runes: decaying, silver, gossamer
a: Begin Untransformation


You escaped.
You were a living statue of rough stone.
You visited 10 branches of the dungeon, and saw 50 of its levels.
You visited 1 bazaar.
You also visited: Bailey.

You collected 8378 gold pieces.
You spent 4344 gold pieces at shops.

Inventory:

Hand Weapons
 b - a +8 heavy hand cannon (weapon)
 p - the +0 spear "Namn" {holy, Will+ Str+3 Dex-4}
   (You found it on level 3 of the Crypt)

   Str+3:     It affects your strength (+3).
   Dex-4:     It affects your dexterity (-4).
   Will+:     It increases your willpower.
Missiles
 v - 16 javelins
 x - 5 silver javelins
 Z - 4 throwing nets
Armour
 z - a +0 pair of boots of flying (melded)
 F - the +0 pair of gloves of Ewkalosk (melded) {rF+ rC+ Int+3}
   (You acquired it on level 2 of the Lair of Beasts)

   Int+3:     It affects your intelligence (+3).
   rF+:       It protects you from fire.
   rC+:       It protects you from cold.
 J - a +5 kite shield of reflection (worn) {Donald}
 M - a +0 cloak of stealth (worn)
 N - the -2 hat of the Alchemist (worn) {rElec rPois rF+ rC+ rN+ Will+ rMut rCorr}
   (You bought it in a shop on level 2 of the Orcish Mines)

   rF+:       It protects you from fire.
   rC+:       It protects you from cold.
   rElec:     It insulates you from electricity.
   rPois:     It protects you from poison rN+: It protects you from negative
   energy.
   Will+:     It increases your willpower.
   rCorr:     It protects you from acid and corrosion.
   rMut:      It protects you from mutation.
Jewellery
 a - the amulet of Comank (around neck) {Acrobat rC+ Will- Regen+}
   (You found it on level 4 of the Spider Nest)

   [amulet of the acrobat]

   Acrobat:   It increases your evasion while moving and waiting.
   rC+:       It protects you from cold.
   Will-:     It decreases your willpower.
   Regen+:    It increases your rate of health regeneration.
 c - a ring of protection from cold
 g - a ring of resist corrosion
 k - the ring of Wonder (right fist) {rElec rF+ Int-4 Dex+8 Stlth+}
   (You acquired it on level 5 of the Vaults)

   [ring of protection from fire]

   Int-4:     It affects your intelligence (-4).
   Dex+8:     It affects your dexterity (+8).
   rF+:       It protects you from fire.
   rElec:     It insulates you from electricity.
   Stlth+:    It makes you more stealthy.
 r - the ring "Gitziebb" (left fist) {Will+ Str+6 Dex+6}
   (You took it off an ironbound thunderhulk on level 4 of the Vaults)

   [ring of dexterity]

   Str+6:     It affects your strength (+6).
   Dex+6:     It affects your dexterity (+6).
   Will+:     It increases your willpower.
 s - the ring of Lust {Fly rF+ rN++ Int-2 SInv}
   (You took it off a yaktaur captain on level 5 of the Vaults)

   [ring of see invisible]

   Int-2:     It affects your intelligence (-2).
   rF+:       It protects you from fire.
   rN++:      It greatly protects you from negative energy.
   SInv:      It lets you see invisible.
   Fly:       It grants you flight.
Talismans
 C - a granite talisman (active)
Wands
 m - a wand of polymorph (35)
 y - a wand of mindburst (80)
 I - a wand of iceblast (62)
 L - a wand of quicksilver (71)
 P - a wand of paralysis (49)
 V - a wand of flame (113)
Scrolls
 j - 14 scrolls of blinking
 o - 10 scrolls of immolation
 q - a scroll of butterflies
 w - 7 scrolls of brand weapon
 A - 4 scrolls of revelation
 B - 11 scrolls of vulnerability
 E - 4 scrolls of fog
 G - 4 scrolls of noise
 R - 47 scrolls of identify
 S - 9 scrolls of poison
 T - 15 scrolls of teleportation
 W - 13 scrolls of fear
Potions
 d - 5 potions of ambrosia
 e - 4 potions of cancellation
 h - 13 potions of heal wounds
 i - 3 potions of resistance
 l - 11 potions of enlightenment
 n - 5 potions of invisibility
 t - 13 potions of lignification
 u - 11 potions of mutation
 D - 8 potions of magic
 H - 13 potions of haste
 O - 4 potions of brilliance
 Q - 10 potions of curing
 X - 6 potions of might
Miscellaneous
 K - a phantom mirror
 U - a phial of floods
 Y - a tin of tremorstones (2/2)


   Skills:
 - Level 22.0 Fighting
 - Level 20.0 Ranged Weapons
 - Level 7.0 Armour
 - Level 22.0 Dodging
 - Level 5.0 Stealth
 * Level 17.3 Shields
 - Level 11.0 Evocations
 + Level 19.1 Shapeshifting


You had 24 spell levels left.
You didn't know any spells.
Your spell library contained the following spells:

 Spells                   Type           Power      Damage    Failure   Level
 Apportation              Tloc           0%         N/A       56%         1
 Foxfire                  Conj/Fire      0%         2x1d4     56%         1
 Freeze                   Ice            0%         1d3       56%         1
 Kiss of Death            Conj/Necr      0%         2d5       56%         1
 Magic Dart               Conj           0%         1d3       56%         1
 Necrotise                Necr           0%         1d4       56%         1
 Sandblast                Erth           0%         2d4       56%         1
 Shock                    Conj/Air       0%         1d3       56%         1
 Summon Small Mammal      Summ           0%         N/A       56%         1
 Call Imp                 Summ           0%         N/A       71%         2
 Cigotuvi's Dreadful Rot  Necr/Alch/Air  0%         N/A       71%         2
 Ensorcelled Hibernation  Hex/Ice        0%         N/A       71%         2
 Jinxbite                 Hex            0%         N/A       71%         2
 Lesser Beckoning         Tloc           0%         N/A       71%         2
 Scorch                   Fire           0%         2d5       71%         2
 Searing Ray              Conj           0%         2d4       71%         2
 Static Discharge         Conj/Air       0%         3-3/arc   71%         2
 Call Canine Familiar     Summ           0%         N/A       90%         3
 Dazzling Flash           Conj/Hex       0%         N/A       90%         3
 Frozen Ramparts          Ice            0%         1d1       90%         3
 Fugue of the Fallen      Necr           0%         N/A       90%         3
 Gell's Gravitas          Tloc           0%         N/A       90%         3
 Hailstorm                Conj/Ice       0%         3d5       90%         3
 Passwall                 Erth           0%         N/A       90%         3
 Stone Arrow              Conj/Erth      0%         3d7       90%         3
 Summon Ice Beast         Ice/Summ       0%         N/A       90%         3
 Swiftness                Air            0%         N/A       90%         3
 Teleport Other           Tloc           0%         N/A       90%         3
 Vampiric Draining        Necr           0%         2d6       90%         3
 Volatile Blastmotes      Fire/Tloc      0%         2d10      90%         3
 Airstrike                Air            0%         2d(0-16)  100%        4
 Flame Wave               Conj/Fire      0%         2d4       100%        4
 Fulminant Prism          Conj/Alch      0%         3d5       100%        4
 Ignite Poison            Fire/Alch      0%         N/A       100%        4
 Olgreb's Toxic Radiance  Alch           0%         N/A       100%        4
 Passage of Golubria      Tloc           0%         N/A       100%        4
 Petrify                  Alch/Erth      0%         N/A       100%        4
 Summon Blazeheart Golem  Fire/Summ      0%         N/A       100%        4
 Summon Lightning Spire   Summ/Air       0%         N/A       100%        4
 Alistair's Intoxication  Alch           0%         N/A       100%        5
 Borgnjor's Vile Clutch   Necr/Erth      0%         N/A       100%        5
 Freezing Cloud           Conj/Ice/Air   0%         6-21      100%        5
 Irradiate                Conj/Alch      0%         3d11      100%        5
 Iskenderun's Battlesphe  Conj           0%         2d6       100%        5
 Lee's Rapid Deconstruct  Erth           0%         3d4*      100%        5
 Silence                  Hex/Air        0%         N/A       100%        5
 Summon Forest            Summ/Tloc      0%         N/A       100%        5
 Summon Mana Viper        Hex/Summ       0%         N/A       100%        5
 Bombard                  Conj/Erth      0%         9d1       100%        6
 Dispersal                Tloc           0%         N/A       100%        6
 Eringya's Noxious Bog    Alch           0%         4d6       100%        6
 Plasma Beam              Fire/Air       0%         2x1d10    100%        6
 Sculpt Simulacrum        Ice/Alch       0%         N/A       100%        6
 Starburst                Conj/Fire      0%         6d3       100%        6
 Summon Cactus Giant      Summ           0%         N/A       100%        6
 Haunt                    Necr/Summ      0%         N/A       100%        7
 Malign Gateway           Summ/Tloc      0%         N/A       100%        7
 Monstrous Menagerie      Summ           0%         N/A       100%        7
 Ozocubu's Refrigeration  Ice            0%         4d7       100%        7
 Spellforged Servitor     Conj/Summ      0%         N/A       100%        7
 Summon Hydra             Summ           0%         N/A       100%        7
 Borgnjor's Revivificati  Necr           0%         N/A       100%        8
 Discord                  Hex            0%         N/A       100%        8
 Ignition                 Fire           0%         3d3       100%        8
 Lehudib's Crystal Spear  Conj/Erth      0%         10d2      100%        8
 Maxwell's Capacitive Co  Air            0%         ∞         100%        8
 Summon Horrible Things   Summ           0%         N/A       100%        8
 Death's Door             Necr           0%         N/A       100%        9
 Fire Storm               Conj/Fire      0%         5d1       100%        9
 Sublimation of Blood     Necr           Unusable   N/A       N/A         2

Dungeon Overview and Level Annotations

Branches:
Dungeon (15/15)            Temple (0/1) D:7            Lair (5/5) D:9
  Swamp (4/4) Lair:3       Spider (4/4) Lair:3        Slime (0/5) Lair:5
    Orc (2/2) D:10            Elf (3/3) Orc:2        Vaults (5/5) D:13
  Crypt (3/3) Vaults:3       Tomb (0/3) Crypt:3      Depths (4/4) D:15
    Zot (5/5) Depths:4     Bailey (visited)

Shops:
D:8 *:   D:11 *[?:   D:14 =   Orc:2 [:((:   Elf:2 (   Elf:3 *   Vaults:3 *
Vaults:4 *   Zot:2 *   Depths:1 =   Depths:2 (   Depths:4 [?

Portals:
Hell: Depths:1 Depths:2 Depths:3 Depths:4
Abyss: Orc:2 Depths:1 Depths:3
Pandemonium: Depths:2 Depths:3
Ziggurat: Depths:3

Annotations:
Elf:2 3 runed translucent doors


Innate Abilities, Weirdness & Mutations

You are a living statue of rough stone.
Your actions are slow, but your melee attacks are powerful.
You are resistant to unholy torment.
Your maximum health is greatly increased.
Your equipment is partially melded.
You are immune to poison.
You have an increased reservoir of magic. (+10% MP)
You shall have no god before yourself.
Your divine heritage dramatically boosts your attributes as you level up.
You are strong-willed. (Will+)


Message History

An orange demon comes into view.
You shoot a bolt. The bolt hits the orange demon!!!!
You kill the orange demon!
What level of the Dungeon? (default 1, ? - help)
An Ice Fiend comes into view.
Danger!
You shoot a bolt. The bolt hits the Ice Fiend!!!!
The Ice Fiend is almost dead.
You shoot a bolt. The bolt hits the Ice Fiend!!!!
You kill the Ice Fiend!
You block the orc's attack. x2
You shoot a bolt. The bolt hits the orc!!!!
You kill the orc!
No target in view!
What level of the Dungeon? (default 1, ? - help)
There is a stone staircase leading up, spattered with blood here.
You climb upwards.
There is a stone staircase leading down here.
Items here: ))) [[ ÷.
There is a stone staircase leading up here.
You climb upwards.
There is a stone staircase leading down here.
Unknown command.
Okay, then.
A green death comes into view.
Danger!
You shoot a bolt. The bolt hits the green death!!!!
You kill the green death!
A chaos spawn comes into view.
You shoot a bolt.
The bolt closely misses the chaos spawn.
You shoot a bolt. The bolt hits the chaos spawn!!!
You kill the chaos spawn!
The chaos spawn degenerates into a cloud of primal chaos!
No target in view!
What level of the Dungeon? (default 1, ? - help) You're already here!
Unknown command.
A large abomination comes into view.
Danger!
You shoot a bolt.
The bolt barely misses the large abomination.
You shoot a bolt. The bolt hits the large abomination!!
The large abomination is heavily damaged.
You shoot a bolt. The bolt hits the large abomination!!!
You destroy the large abomination!
No target in view!
There is an open door here.
There is a staircase leading out of the dungeon here.
You have escaped!

....)...........)..##.......#
...................##.......#
.........÷.........##.......#
#.#.#..............#........#
..#....#....................#
......#.....#########..######
....#....##.#########..#####
.........##.##.....##..##..#
..###....##.##..I..'...##..#
####..#..#..##.....##..##..#
#.....#..#########...'..#
#..#.##..#########..##..#
####..#................##..#
.....##.#.#..........⌠.##..#
..###.......########...#####
..#....####.########...###
....##.###.....##..##..#.#


There were no monsters in sight!

Vanquished Creatures
  8 dread liches
  7 ancient liches
  4 orbs of fire
  Mennas (Crypt:2)
  A juggernaut (Depths:2)
  Bai Suzhen (Spider:3)
  Sojobo (Vaults:4)
  2 Killer Klowns (Zot:5)
  Vv (Crypt:1)
  2 curse toes
  Jory (Vaults:4)
  A profane servitor (Crypt:3)
  9 golden dragons
  2 bone dragons
  A Tzitzimitl (D:15)
  3 doom hounds (Depths:2)
  Arachne (Spider:4)
  8 electric golems
  A Hell Sentinel (Depths:2)
  A walking crystal tome (Depths:2)
  Mlioglotl (Lair:3)
  21 tentacled monstrosities
  5 liches
  25 Orb Guardians
  3 Ice Fiends
  Grunn (Depths:2)
  6 titans (Vaults:5)
  The ghost of Plog the Wrestler, an adept TrFi of Trog (Spider:4)
  3 deep elf master archers (Elf:3)
  A walking earthen tome (Depths:3)
  7 quicksilver dragons
  Asterion (Depths:2)
  2 deep elf blademasters (Elf:3)
  7 death cobs
  An Executioner (D:11)
  Agnes (Elf:1)
  8 tengu reavers
  4 sphinxes
  2 thorn hunters (Swamp:4)
  3 ancient champions
  15 shadow dragons
  The ghost of Oneirical the Skinwalker, an adept FeWr of Fedhas (Elf:3)
  9 storm dragons
  Donald (Spider:2)
  A daeva (D:15)
  Roxanne (Swamp:4)
  6 draconian knights
  7 protean progenitors
  15 frost giants
  5 revenants
  A fenstrider witch (Swamp:2)
  12 draconian monks
  5 deep elf sorcerers
  12 fire giants
  6 iron dragons
  8 ghost moths
  A curse skull (Vaults:3)
  A balrug (Depths:1)
  18 vault wardens
  8 emperor scorpions
  Louise (Spider:3)
  5 draconian scorchers
  2 draconian stormcallers
  2 orc warlords
  6 draconian shifters
  5 deep elf elementalists (Elf:3)
  The ghost of Livid the Spry, an adept FeSh of Jiyva (Orc:2)
  7 ghouls
  4 draconian annihilators
  4 broodmothers
  15 ironbound preservers
  A formless jellyfish (Vaults:4)
  20 stone giants
  A reaper (Zot:1)
  11 green draconians
  5 deep elf death magi
  23 very ugly things
  12 ironbound thunderhulks
  6 eleionomae
  6 deep elf demonologists
  17 purple draconians
  2 war gargoyles
  8 vampire knights
  4 bunyips
  13 black draconians
  6 dire elephants
  8 spark wasps
  14 yellow draconians
  8 white draconians
  11 deep elf annihilators (Elf:3)
  10 red draconians
  Azrael (D:12)
  5 eidola
  A blizzard demon (Depths:4)
  A green death (D:1)
  12 fire dragons
  2 crystal guardians (Vaults:2)
  17 ettins
  3 deep elf high priests
  15 jiangshi
  22 ice dragons
  23 yaktaur captains
  3 entropy weavers
  3 rakshasas
  8 spriggan air magi
  31 vault guards
  Erolcha (D:10)
  4 great orbs of eyes
  3 peacekeepers
  A catoblepas (D:12)
  5 hydras
  6 jorogumos
  8 alligators
  4 ironbound frosthearts
  4 radroaches
  2 death yaks (Lair:4)
  5 ogre magi
  10 boulder beetles
  4 ghost crabs
  13 centaur warriors
  16 dancing weapons
  A torpor snail (shapeshifter) (Depths:3)
  11 demonic crawlers
  29 two-headed ogres
  8 deep troll shamans
  7 death knights
  A sphinx skeleton (Depths:2)
  3 tengu warriors (Depths:1)
  8 vampire magi
  2 satyrs (Zot:1)
  An azure jelly zombie (Crypt:2)
  3 shock serpents (Zot:3)
  16 deep troll earth magi
  2 thrashing horrors (Orc:2)
  2 spriggan berserkers
  14 hell knights
  7 deep elf knights
  4 occultists
  Urug (Lair:2)
  3 soul eaters
  2 sun demons
  A fire crab (shapeshifter) (Depths:2)
  A fire crab (Lair:5)
  Sonja (D:11)
  8 iron trolls
  5 shadow wraiths
  6 pharaoh ants
  2 skysharks
  A sixfirhy (Orc:2)
  5 goliath frogs
  23 skeletal warriors
  8 flayed ghosts
  A storm dragon skeleton (Depths:2)
  2 large abominations
  4 glowing orange brains
  A deep troll (shapeshifter) (Vaults:1)
  A spriggan druid (Swamp:4)
  12 orb spiders
  A spectral hydra (Crypt:3)
  62 deep trolls
  A golden dragon skeleton (Depths:2)
  A swamp dragon (shapeshifter) (Vaults:5)
  4 lindwurms
  2 arcanists
  5 steelbarb worms
  2 sun moths
  4 swamp dragons
  A goliath frog (shapeshifter) (Vaults:5)
  5 harpies (Vaults:1)
  10 bog bodies
  14 necromancers
  An obsidian statue (Zot:5)
  2 wolf spider zombies (D:15)
  27 ironbound convokers
  21 deep elf pyromancers
  23 wolf spiders
  15 phantasmal warriors
  13 deep elf archers
  17 deep elf zephyrmancers
  7 orc knights
  5 orc sorcerers
  A shining eye (shapeshifter) (Depths:3)
  A frost giant zombie (Depths:2)
  33 ugly things
  3 will-o-the-wisps
  2 manticores
  5 cyclopes
  4 meliai
  A manticore (shapeshifter) (Vaults:5)
  A worldbinder (Orc:2)
  A draconian skeleton (Crypt:1)
  22 moths of wrath
  An eye of devastation (shapeshifter) (Vaults:5)
  2 smoke demons
  3 molten gargoyles (Lair:5)
  15 vault sentinels
  10 black mambas
  4 elephants (Lair:5)
  7 torpor snails
  A mana viper zombie (Crypt:1)
  A water nymph (shapeshifter) (Vaults:5)
  4 rust devils (Depths:1)
  A storm dragon simulacrum (Depths:2)
  A titan simulacrum (Depths:2)
  An orange demon (D:3)
  A gargoyle (D:11)
  9 cane toads
  2 kobold demonologists (Bailey)
  17 komodo dragons
  2 centaur skeletons (D:15)
  A yaktaur (shapeshifter) (D:15)
  2 hellions
  3 rime drakes
  2 unseen horrors
  Jeremiah (D:8)
  A redback zombie (D:15)
  3 tengu conjurers (Depths:1)
  33 yaktaurs
  10 freezing wraiths
  A minotaur skeleton (Crypt:1)
  A hellwing (Zot:1)
  4 hornets
  6 trolls
  18 blink frogs
  22 tarantellas
  A hornet (shapeshifter) (D:14)
  4 tyrant leeches
  A fire giant simulacrum (Depths:2)
  5 dream sheep (Lair:5)
  29 slime creatures
  4 spriggans
  25 jumping spiders
  2 culicivoras (shapeshifter)
  2 black mamba zombies (Crypt:1)
  23 culicivoras
  4 shadows
  2 vampires
  5 air elementals
  5 wyverns
  4 water elementals
  A fire bat (shapeshifter) (Elf:2)
  A dire elephant simulacrum (Crypt:3)
  2 satyr skeletons
  34 yaks
  10 wraiths
  3 fire elementals
  2 wargs
  3 fire bats (Depths:1)
  5 steam dragons
  22 vampire mosquitoes
  8 basilisks
  29 redbacks
  3 swamp worm simulacra (Swamp:4)
  A chaos spawn (D:1)
  16 hydra simulacra (Swamp:4)
  Menkaure (D:5)
  Edmund (D:5)
  16 swamp worms
  5 hell hounds
  A harpy simulacrum (Crypt:1)
  13 water moccasins
  2 acid dragons
  A glowing shapeshifter skeleton (Depths:2)
  Duvessa (D:6)
  22 orc warriors
  2 swamp drakes
  4 sky beasts
  31 ogres
  A lindwurm zombie (Crypt:1)
  A boggart (D:12)
  21 laughing skulls
  3 wolves (Lair:1)
  9 centaurs
  6 kobold brigands
  3 weeping skulls (Crypt:3)
  A phantom (D:5)
  A hog skeleton (Crypt:2)
  15 bullfrogs
  3 gnoll sergeants
  An earth elemental (Elf:2)
  A scorpion (D:5)
  3 small abominations (Crypt:3)
  4 burial acolytes (Crypt:3)
  A water moccasin skeleton (Crypt:1)
  5 wights (D:9)
  Dowan (D:6)
  6 spriggan skeletons
  A yak skeleton (Crypt:1)
  A troll skeleton (D:9)
  5 electric eels
  A shapeshifter skeleton (Crypt:2)
  7 howler monkeys
  4 lava snakes (Lair:5)
  A wolf skeleton (Crypt:2)
  A human zombie (D:9)
  A bombardier beetle (D:3)
  A gnoll bouda (D:9)
  8 orc priests
  3 hounds
  4 iguanas
  A sleepcap (D:6)
  15 orc wizards
  A naga skeleton (Crypt:2)
  15 gnolls
  5 adders
  A steam dragon skeleton (Crypt:1)
  A shadow imp (D:5)
  A white imp (D:6)
  5 swamp drake simulacra (Swamp:4)
  A dart slug (D:2)
  56 orcs
  8 endoplasms
  2 giant cockroaches
  16 hobgoblins
  3 quokkas
  3 ball pythons
  4 bats
  3 frilled lizards
  21 goblins
  15 kobolds
  A kobold skeleton (Crypt:2)
  A kobold zombie (D:9)
  A quokka zombie (Crypt:1)
  5 rats
2142 creatures vanquished.

Vanquished Creatures (others)
  A yaktaur captain (Vaults:5)
  2 laughing skulls (Crypt:2)
  2 foxfires (Swamp:4)
5 creatures vanquished.

Grand Total: 2147 creatures vanquished

Notes
Turn   | Place    | Note
-------+----------+-------------------------------------------
     0 | D:1      | Sobieck the Demigod Hunter began the quest for the Orb.
     0 | D:1      | Reached XP level 1. HP: 17/17 MP: 3/3
    81 | D:1      | Reached XP level 2. HP: 24/24 MP: 4/4
   453 | D:2      | Reached XP level 3. HP: 29/29 MP: 5/5
  1067 | D:2      | Reached XP level 4. HP: 29/36 MP: 6/6
  1197 | D:2      | Identified the +8 chain mail of Daisies {rElec}
  1704 | D:3      | Reached skill level 6 in Ranged Weapons
  1735 | D:3      | Reached XP level 5. HP: 41/41 MP: 7/7
  1807 | D:3      | Noticed a water elemental
  1807 | D:3      | Noticed a fire elemental
  1807 | D:3      | Noticed an air elemental
  2780 | D:4      | Reached XP level 6. HP: 48/48 MP: 8/8
  2989 | D:4      | Reached XP level 7. HP: 51/53 MP: 9/9
  3547 | D:5      | Entered Level 5 of the Dungeon
  3747 | D:5      | Reached skill level 9 in Ranged Weapons
  4174 | D:5      | Noticed Edmund
  4181 | D:5      | Killed Edmund
  4491 | D:6      | Noticed Menkaure
  4498 | D:5      | Killed Menkaure
  4499 | D:5      | Reached XP level 8. HP: 32/60 MP: 10/10
  4969 | D:6      | Noticed Duvessa
  4969 | D:6      | Noticed Dowan
  4976 | D:6      | Killed Duvessa
  4994 | D:5      | Reached skill level 1 in Armour
  5519 | D:6      | Killed Dowan
  6050 | D:7      | Reached skill level 3 in Dodging
  6055 | D:7      | Reached skill level 3 in Fighting
  6115 | D:7      | Found a staircase to the Ecumenical Temple.
  6370 | D:7      | Reached XP level 9. HP: 70/70 MP: 11/11
  6511 | D:8      | Found Vumiem's Demolitions Depot.
  6518 | D:8      | Bought a scroll of immolation for 52 gold pieces
  6528 | D:8      | Noticed Jeremiah
  6536 | D:8      | Killed Jeremiah
  6537 | D:8      | Reached skill level 3 in Armour
  6605 | D:8      | Noticed a two-headed ogre
  6611 | D:8      | Killed a two-headed ogre
  6772 | D:8      | Found Mauvvawn's Vocational Training.
  7289 | D:8      | Bought a phial of floods for 520 gold pieces
  7496 | D:9      | Reached skill level 1 in Evocations
  7516 | D:9      | Found a runed translucent door.
  7524 | D:9      | Found a staircase to the Lair.
  7696 | D:9      | Reached XP level 10. HP: 45/80 MP: 13/13
  8200 | D:9      | Reached skill level 12 in Ranged Weapons
  8626 | D:10     | Entered Level 10 of the Dungeon
  8632 | D:10     | Noticed Erolcha
  8636 | D:10     | Noticed a two-headed ogre
  8637 | D:10     | Killed Erolcha
  8689 | D:10     | Reached skill level 3 in Evocations
  8711 | D:10     | Found a flagged portal.
  8727 | Bailey   | Entered a bailey
  8949 | Bailey   | Noticed an orc knight
  8964 | Bailey   | Killed an orc knight
  9147 | Bailey   | Reached skill level 6 in Fighting
  9224 | Bailey   | Reached skill level 6 in Dodging
  9290 | Bailey   | Reached XP level 11. HP: 89/89 MP: 14/14
  9331 | Bailey   | Reached XP level 12. HP: 96/96 MP: 15/15
  9361 | Bailey   | Acquired the +9 longbow "Haluot" {drain, rN++ Int-2}
  9566 | D:10     | Found a staircase to the Orcish Mines.
 10209 | D:11     | Found Kitugo's Antique Armour Shop.
 10300 | D:11     | Found Mir Uptu's General Store.
 10358 | D:11     | Noticed Sonja
 10365 | D:11     | Killed Sonja
 10541 | D:11     | Found Zounnag's Book Emporium.
 10710 | D:11     | Found Xyll's Magic Scroll Boutique.
 10715 | D:11     | Bought a scroll of blinking for 135 gold pieces
 10890 | D:12     | Noticed a catoblepas
 10900 | D:12     | Killed a catoblepas
 10971 | D:12     | Noticed a boulder beetle
 10981 | D:12     | Killed a boulder beetle
 11109 | D:12     | Noticed Azrael
 11120 | D:12     | Killed Azrael
 11121 | D:12     | Reached skill level 15 in Ranged Weapons
 11478 | D:13     | Identified the +0 robe of Puruuh {Dex+4}
 11536 | D:13     | Noticed a boulder beetle
 11542 | D:13     | Killed a boulder beetle
 11987 | D:13     | Noticed an ogre mage
 11990 | D:13     | Reached skill level 9 in Dodging
 12098 | D:13     | Noticed a centaur warrior
 12101 | D:13     | Killed a centaur warrior
 12165 | D:13     | Killed an ogre mage
 12166 | D:13     | Reached XP level 13. HP: 107/107 MP: 16/16
 12526 | D:13     | Found a gate to the Vaults.
 13074 | D:14     | Found Cicoeva's Jewellery Shop.
 13535 | D:15     | Entered Level 15 of the Dungeon
 13657 | D:15     | Reached skill level 9 in Fighting
 13960 | D:15     | Found a staircase to the Depths.
 14614 | Lair:1   | Entered Level 1 of the Lair of Beasts
 15428 | Lair:2   | Reached XP level 14. HP: 118/118 MP: 17/17
 15466 | Lair:2   | Acquired the +0 pair of gloves of Ewkalosk {rF+ rC+ Int+3}
 15627 | Lair:2   | Noticed Urug
 15629 | Lair:2   | Killed Urug
 16730 | Lair:3   | Found a hole to the Spider Nest.
 17001 | Lair:3   | Found a staircase to the Swamp.
 17589 | Lair:4   | Reached skill level 18 in Ranged Weapons
 17678 | Lair:4   | Got the Papyrus of Smoking Alteration
 17914 | Lair:5   | Entered Level 5 of the Lair of Beasts
 18151 | Lair:5   | Identified the +2 scale mail "Tatykeng" {*Corrode rPois
                  | Str+3 SInv}
 18544 | Lair:5   | Found a staircase to the Slime Pits.
 18574 | Lair:5   | Identified the +11 trident "Duagesec" {flame, Str+3 Int+2
                  | Dex+3}
 18860 | Lair:5   | Found a large runed translucent door.
 18860 | Lair:5   | Found a large runed translucent door.
 19247 | Lair:5   | Reached XP level 15. HP: 116/130 MP: 18/18
 19481 | Orc:1    | Entered Level 1 of the Orcish Mines
 19853 | Orc:2    | Entered Level 2 of the Orcish Mines
 19863 | Orc:2    | Found Alegul's Book Shoppe.
 20021 | Orc:2    | Found a staircase to the Elven Halls.
 20224 | Orc:2    | Found a transporter.
 20241 | Orc:2    | Found a transporter.
 20393 | Orc:2    | Paralysed by an ogre mage for 2 turns
 20438 | Orc:2    | Reached skill level 12 in Fighting
 20500 | Orc:2    | Found Lefih's Antique Weapon Shoppe.
 20500 | Orc:2    | Found Inarghef's Antique Armour Shop.
 20500 | Orc:2    | Found Temaaczikk's Weapon Boutique.
 20500 | Orc:2    | Found Kubbot's Book Shoppe.
 20792 | Spider:1 | Entered Level 1 of the Spider Nest
 20824 | Spider:1 | Noticed Mlioglotl
 20851 | Lair:3   | Killed Mlioglotl
 22266 | Spider:2 | Reached skill level 6 in Evocations
 22653 | Orc:2    | Bought the -2 hat of the Alchemist {rElec rPois rF+ rC+ rN+
                  | Will+ rMut rCorr} for 1652 gold pieces
 22653 | Orc:2    | Found the -2 hat of the Alchemist {rElec rPois rF+ rC+ rN+
                  | Will+ rMut rCorr}
 22950 | Spider:2 | Reached XP level 16. HP: 144/144 MP: 19/19
 23202 | Spider:3 | Noticed Bai Suzhen
 23202 | Spider:3 | Noticed Donald
 23214 | Spider:2 | HP: 2/144 [Donald/+6 double sword of protection (29)]
 23544 | Spider:2 | Killed Donald
 24528 | Spider:3 | Noticed Louise
 24532 | Spider:3 | Killed Louise
 24533 | Spider:3 | Reached skill level 12 in Dodging
 24957 | Spider:3 | Killed Bai Suzhen
 25886 | Spider:4 | Entered Level 4 of the Spider Nest
 26460 | Spider:4 | Noticed Arachne
 26472 | Spider:4 | Killed Arachne
 26637 | Spider:4 | Reached skill level 6 in Armour
 26704 | Spider:4 | Found a transporter.
 26708 | Spider:4 | Noticed Plog's ghost (adept TrFi)
 26725 | Spider:4 | Found a transporter.
 27296 | Spider:4 | Got a gossamer rune of Zot
 27512 | Swamp:1  | Entered Level 1 of the Swamp
 27954 | Swamp:1  | Reached XP level 17. HP: 154/154 MP: 20/20
 28145 | Swamp:2  | Reached skill level 9 in Evocations
 28641 | Swamp:3  | Reached skill level 15 in Fighting
 29093 | Swamp:4  | Entered Level 4 of the Swamp
 29464 | Swamp:4  | Noticed Roxanne
 29479 | Swamp:4  | Killed Roxanne
 29554 | Swamp:4  | Reached skill level 1 in Shapeshifting
 29686 | Swamp:4  | Reached skill level 3 in Shapeshifting
 29698 | Swamp:4  | Got a decaying rune of Zot
 30219 | Orc:2    | Noticed Livid's ghost (adept FeSh)
 30256 | Elf:1    | Entered Level 1 of the Elven Halls
 30897 | Elf:1    | Noticed Agnes
 30904 | Elf:1    | Killed Agnes
 31174 | Elf:1    | Reached skill level 6 in Shapeshifting
 31221 | Elf:1    | Got the Incunabulum of the Farmer
 31561 | Elf:2    | Found a runed translucent gate.
 31562 | Elf:2    | Found a runed translucent gate.
 31563 | Elf:2    | Found a runed translucent gate.
 31656 | Elf:2    | Found Zobeqiog's Weapon Emporium.
 31679 | Elf:2    | Reached XP level 18. HP: 163/163 MP: 21/21
 31874 | Elf:3    | Entered Level 3 of the Elven Halls
 31952 | Elf:3    | Found Daebryed's Neck Hole.
 32299 | Elf:3    | Reached skill level 9 in Shapeshifting
 32647 | Elf:3    | Found a runed translucent gate.
 32647 | Elf:3    | Found a runed translucent gate.
 32647 | Elf:3    | Found a runed translucent gate.
 32650 | Elf:3    | Noticed Oneirical's ghost (adept FeWr)
 33066 | Elf:3    | Noticed a Hell Sentinel
 33068 | Elf:3    | Noticed a Brimstone Fiend
 33130 | Elf:3    | Identified the +10 hand axe of the Warrior {flame, rF++
                  | Str+3}
 33132 | Elf:3    | Identified the +8 plate armour of Jemmoluo {+Inv rC+}
 33275 | Elf:3    | Got the Octavo of Conflagration
 33316 | Elf:3    | Found the ring of the Tortoise {AC+8}
 33389 | Elf:3    | Identified the +0 helmet of Qazlal's Supremacy {rC+ Str+2}
 33699 | Vaults:1 | Entered Level 1 of the Vaults
 33804 | Vaults:1 | Found a flickering gateway to a bazaar.
 33821 | Bazaar   | Entered a bazaar
 33821 | Bazaar   | Found Otepenay's Antique Weapon Shop.
 33824 | Bazaar   | Found Suoqewk's Jewellery Boutique.
 33845 | Bazaar   | Found Toedaman's Distillery.
 33849 | Bazaar   | Found Vodeosch's Assorted Antiques.
 33863 | Bazaar   | Found Tepuoxih's General Store.
 33886 | Bazaar   | Bought a scroll of teleportation for 75 gold pieces
 33886 | Bazaar   | Bought a scroll of enchant armour for 187 gold pieces
 33891 | Bazaar   | Bought a potion of heal wounds for 60 gold pieces
 33891 | Bazaar   | Bought a potion of mutation for 96 gold pieces
 33891 | Bazaar   | Bought a potion of curing for 36 gold pieces
 33891 | Bazaar   | Bought a potion of might for 48 gold pieces
 34220 | Vaults:1 | Reached skill level 12 in Shapeshifting
 34345 | Vaults:1 | Found a huge runed translucent gate.
 34345 | Vaults:1 | Found a huge runed translucent gate.
 34345 | Vaults:1 | Found a huge runed translucent gate.
 34345 | Vaults:1 | Found a huge runed translucent gate.
 34345 | Vaults:1 | Found a huge runed translucent gate.
 34345 | Vaults:1 | Found a huge runed translucent gate.
 34345 | Vaults:1 | Found a huge runed translucent gate.
 34345 | Vaults:1 | Found a huge runed translucent gate.
 34345 | Vaults:1 | Found a huge runed translucent gate.
 34346 | Vaults:1 | Found a huge runed translucent gate.
 34346 | Vaults:1 | Found a huge runed translucent gate.
 34346 | Vaults:1 | Found a huge runed translucent gate.
 34346 | Vaults:1 | Found a huge runed translucent gate.
 34347 | Vaults:1 | Found a huge runed translucent gate.
 34348 | Vaults:1 | Found a huge runed translucent gate.
 34348 | Vaults:1 | Found a huge runed translucent gate.
 34348 | Vaults:1 | Found a huge runed translucent gate.
 34350 | Vaults:1 | Found a huge runed translucent gate.
 34351 | Vaults:1 | Found a huge runed translucent gate.
 34352 | Vaults:1 | Found a huge runed translucent gate.
 34352 | Vaults:1 | Found a huge runed translucent gate.
 34357 | Vaults:1 | Found a huge runed translucent gate.
 34358 | Vaults:1 | Found a huge runed translucent gate.
 34358 | Vaults:1 | Found a huge runed translucent gate.
 34358 | Vaults:1 | Found a huge runed translucent gate.
 34358 | Vaults:1 | Found a huge runed translucent gate.
 34591 | Vaults:1 | Found a huge runed translucent gate.
 34592 | Vaults:1 | Found a huge runed translucent gate.
 34593 | Vaults:1 | Found a huge runed translucent gate.
 34593 | Vaults:1 | Found a huge runed translucent gate.
 34595 | Vaults:1 | Found a huge runed translucent gate.
 34596 | Vaults:1 | Found a huge runed translucent gate.
 34597 | Vaults:1 | Found a huge runed translucent gate.
 34598 | Vaults:1 | Found a huge runed translucent gate.
 34598 | Vaults:1 | Found a huge runed translucent gate.
 34602 | Vaults:1 | Found a huge runed translucent gate.
 35626 | Vaults:2 | Reached XP level 19. HP: 150/170 MP: 22/22
 36409 | Vaults:2 | You fall into a shaft and drop 2 floors!
 36773 | Vaults:4 | Found Ymief's Assorted Antiques.
 36791 | Vaults:4 | Bought a scroll of blinking for 330 gold pieces
 36791 | Vaults:4 | Bought 3 potions of heal wounds for 660 gold pieces
 36853 | Vaults:4 | Noticed Jory
 36870 | Vaults:4 | Killed Jory
 37335 | Vaults:4 | Noticed Sojobo
 37360 | Vaults:4 | Killed Sojobo
 37504 | Vaults:4 | Identified the ring "Gitziebb" {Will+ Str+6 Dex+6}
 37854 | Vaults:4 | Reached skill level 15 in Dodging
 38606 | Vaults:3 | Found Mauselom's Assorted Antiques.
 38645 | Vaults:3 | Bought a potion of heal wounds for 180 gold pieces
 39353 | Vaults:3 | Reached XP level 20. HP: 183/183 MP: 24/24
 40512 | Vaults:3 | Found a staircase to the Crypt.
 40650 | Vaults:5 | Entered Level 5 of the Vaults
 40651 | Vaults:5 | Noticed a golden dragon
 40661 | Vaults:4 | Reached skill level 1 in Shields
 41070 | Depths:1 | Entered Level 1 of the Depths
 41311 | Depths:1 | Reached skill level 3 in Shields
 41540 | Depths:1 | Reached skill level 15 in Shapeshifting
 41568 | Depths:1 | Found a one-way gate to the infinite horrors of the Abyss.
 41699 | Depths:1 | Found Nilecam's Jewellery Shoppe.
 41986 | Depths:1 | Reached skill level 6 in Shields
 42127 | Depths:1 | Found a gateway to Hell.
 43059 | Depths:1 | Reached skill level 9 in Shields
 43473 | Depths:2 | Found Volos's Weapon Shop.
 43484 | Depths:2 | Found a one-way gate leading to the halls of Pandemonium.
 43488 | Depths:2 | Noticed a juggernaut
 43488 | Depths:2 | Noticed Asterion
 43494 | Depths:2 | Killed a juggernaut
 43734 | Depths:2 | Killed Asterion
 43769 | Depths:2 | Reached XP level 21. HP: 190/190 MP: 25/25
 44069 | Depths:2 | Noticed Grunn
 44107 | Depths:2 | Reached skill level 12 in Shields
 44112 | Depths:2 | Killed Grunn
 44656 | Depths:3 | Found a one-way gateway to a ziggurat.
 45733 | Depths:4 | Entered Level 4 of the Depths
 46391 | Depths:4 | Found a gate to the Realm of Zot.
 46949 | Depths:4 | Found Qoovva Wiev's Magic Scroll Emporium.
 46949 | Depths:4 | Found Diorgh's Armour Shoppe.
 46957 | Depths:4 | Bought a scroll of enchant armour for 82 gold pieces
 46957 | Depths:4 | Bought 2 scrolls of blinking for 165 gold pieces
 46957 | Depths:4 | Bought a scroll of teleportation for 33 gold pieces
 46957 | Depths:4 | Bought a scroll of teleportation for 33 gold pieces
 47900 | Spider:4 | Killed Plog's ghost
 47929 | Spider:4 | Identified the amulet of Comank {Acrobat rC+ Will- Regen+}
 48480 | Orc:2    | Killed Livid's ghost
 48653 | Elf:3    | Killed Oneirical's ghost
 48998 | Crypt:1  | Entered Level 1 of the Crypt
 48999 | Crypt:1  | Noticed a dread lich
 49066 | Vaults:3 | Killed a dread lich
 49067 | Vaults:3 | Reached XP level 22. HP: 198/201 MP: 26/26
 49166 | Vaults:3 | Reached skill level 18 in Fighting
 50119 | Crypt:2  | Noticed Vv
 50240 | Crypt:1  | Killed Vv
 50365 | Crypt:2  | Got Futat's Spellbook of Conjury
 50611 | Crypt:2  | Noticed Mennas
 50615 | Crypt:2  | Killed Mennas
 50974 | Crypt:3  | Entered Level 3 of the Crypt
 51445 | Crypt:3  | Found the +10 morningstar "Eos" {elec, Halo rElec}
 51534 | Crypt:3  | Found a staircase to the Tomb.
 51534 | Crypt:3  | Noticed an ancient lich
 51542 | Crypt:3  | Killed an ancient lich
 51556 | Crypt:3  | Got the Textbook on the Crypt
 51587 | Crypt:3  | Identified the +8 morningstar of Terror {elec, rPois rF+}
 51762 | Crypt:3  | Identified the +0 spear "Namn" {holy, Will+ Str+3 Dex-4}
 52175 | Vaults:5 | Identified the ring of Cesmif {+Blink rCorr Int+6 Slay+5
                  | SInv}
 52179 | Vaults:5 | Noticed an ancient lich
 52184 | Vaults:5 | Identified the ring of Lust {Fly rF+ rN++ Int-2 SInv}
 52277 | Vaults:5 | Reached skill level 15 in Shields
 52359 | Vaults:5 | Identified the +0 plate armour "Juptouwa" {rF+ Will++}
 52375 | Vaults:5 | Reached skill level 18 in Dodging
 52496 | Vaults:5 | Reached XP level 23. HP: 214/214 MP: 27/27
 52595 | Vaults:5 | Identified the +6 long sword "Jihaan Ledd" {protect, rElec}
 52603 | Vaults:5 | Reached skill level 1 in Stealth
 52612 | Vaults:5 | Reached skill level 3 in Stealth
 52629 | Vaults:5 | Killed an ancient lich
 52721 | Vaults:5 | Noticed an ancient lich
 52725 | Vaults:5 | Killed an ancient lich
 52865 | Vaults:5 | Identified the +0 scale mail "Gamyez" {rCorr}
 53131 | Vaults:5 | Identified the +9 plate armour of Hadiggin {Int+3}
 53176 | Vaults:5 | Got a silver rune of Zot
 53201 | Vaults:5 | Identified the +0 pair of gloves of Brilliance {*Corrode
                  | Str+2 Dex+5}
 53301 | Vaults:5 | Acquired the ring of Wonder {rElec rF+ Int-4 Dex+8 Stlth+}
 53919 | Zot:1    | Entered Level 1 of the Realm of Zot
 54197 | Zot:1    | Identified the +2 trident of Floods {flame, rPois rN+}
 54298 | Zot:1    | Noticed an orb of fire
 54301 | Zot:1    | Gained mutation: You are clumsy. (Dex -2) [an orb of fire]
 54302 | Zot:1    | Gained mutation: You occasionally lose the ability to read
                  | scrolls when taking damage. [an orb of fire]
 54306 | Zot:1    | Killed an orb of fire
 54386 | Zot:1    | Lost mutation: You are clumsy. (Dex -2) [potion of
                  | mutation]
 54386 | Zot:1    | Lost mutation: You occasionally lose the ability to read
                  | scrolls when taking damage. [potion of mutation]
 54386 | Zot:1    | Gained mutation: You are strong-willed. (Will+) [potion of
                  | mutation]
 55060 | Zot:1    | Reached XP level 24. HP: 224/224 MP: 27/27
 55523 | Zot:2    | Reached skill level 18 in Shapeshifting
 56020 | Zot:2    | Found Cosch's CLEARANCE SALE!.
 57237 | Zot:3    | Reached skill level 21 in Fighting
 57237 | Zot:3    | Reached skill level 21 in Dodging
 58121 | Zot:5    | Entered Level 5 of the Realm of Zot
 58525 | Zot:5    | Noticed an orb of fire
 58529 | Zot:5    | Noticed an orb of fire
 58531 | Zot:5    | Noticed an orb of fire
 58545 | Zot:4    | Killed an orb of fire
 58584 | Zot:5    | Killed an orb of fire
 58595 | Zot:5    | Reached XP level 25. HP: 235/235 MP: 27/27
 58600 | Zot:5    | Killed an orb of fire
 58616 | Zot:5    | Noticed a dread lich
 58618 | Zot:5    | Noticed an ancient lich
 58621 | Zot:5    | Killed a dread lich
 58623 | Zot:5    | Killed an ancient lich
 58653 | Zot:5    | Noticed an ancient lich
 58655 | Zot:5    | Noticed a dread lich
 58659 | Zot:5    | Killed a dread lich
 58662 | Zot:5    | Killed an ancient lich
 58662 | Zot:5    | Noticed a dread lich
 58663 | Zot:5    | Noticed an ancient lich
 58681 | Zot:4    | Killed an ancient lich
 58687 | Zot:4    | Killed a dread lich
 58817 | Zot:5    | Noticed a dread lich
 58823 | Zot:5    | Killed a dread lich
 58965 | Zot:5    | Noticed an ancient lich
 58975 | Zot:5    | Noticed a dread lich
 58978 | Zot:5    | Killed an ancient lich
 58979 | Zot:5    | Noticed a dread lich
 58982 | Zot:5    | Noticed a dread lich
 58985 | Zot:5    | Killed a dread lich
 58990 | Zot:5    | Killed a dread lich
 58991 | Zot:5    | Killed a dread lich
 59269 | Zot:5    | Got the Orb of Zot
 59380 | Zot:1    | Noticed Reiloc the pandemonium lord
 59433 | Depths:2 | Noticed Zohyixko the pandemonium lord
 59787 | D:$      | Escaped with the Orb!

Illustrated notes

Levels and vault maps discovered:
D:1:      dpeg_arrival_rooms_a, layout_rooms, serial_curves, eino_curves_04,
          eino_curves_01, eino_curves_01
D:2:      layout_loops_ring
D:3:      layout_basic, nicolae_qazlal_style_of_elements
D:4:      minmay_door_path, layout_basic
D:5:      layout_basic, lemuel_doored_altar, uniq_edmund
D:6:      layout_basic, nicolae_vehumet_altar_sigil,
          mainiacjoe_overflow_tiny_flanked,
          pdpol_temple_overflow_zin_treasury_gozag_greed, uniq_menkaure,
          uniq_duvessa
D:7:      layout_gridville, tso_metal_star, minmay_temple_entry_antechambers,
          hangedman_decor_push, grunt_ministairs_6, moated_statue,
          nicolae_twisty_statue_hallways
D:8:      layout_cave_pools, nicolae_blasting_shop, nicolae_shop_vocational,
          uniq_jeremiah
D:9:      minmay_razor_zed, layout_irregular_city, dk_yredelemnul_ordeal,
          dpeg_oklobed_lair, serial_glass, glass_columns_a, glass_columns_a,
          glass_columns_a, glass_columns_a, feat_on_display, feat_on_display,
          feat_on_display, feat_on_display, hangedman_tell_no_tales
D:10:     layout_long_grid, orc_0_dummy, enter_bailey_4,
          minmay_misc_feat_encased, uniq_erolcha
D:11:     layout_cave_pools, serial_shops, nicolae_shop_peninsula,
          nicolae_stop_n_shop_1, nicolae_shop_peninsula, nicolae_square_shop,
          uniq_sonja
D:12:     layout_long_grid, uniq_azrael
D:13:     layout_irregular_city, hangedman_vaults_entry_quadrant_bands
D:14:     layout_irregular_city, solitary_fountain, serial_shops,
          nicolae_shop_tiny_real_fake_doors
D:15:     grunt_enter_depths_magical_seal, layout_basic, grunt_decor_clamped
Lair:1:   layout_cave_pods, nicolae_quartered_pool_little
Lair:2:   layout_regular_city, uniq_urug
Lair:3:   layout_regular_city, nicolae_swamp_entry_splash_gauntlet,
          spider_nest_entry_web_field, minmay_hedge_maze, serial_bayou_shore_a
Lair:4:   dragon1_lemuel, layout_big_grid, lemuel_fruit_fields
Lair:5:   cheibrodos_lair_end_hotspot, layout_regular_city, slime_entry_1,
          chequers_serial_rivers_large_b, st_stairs_4, bh_autumn_forest_stairs
Swamp:1:  layout_basic_swamp, evilmike_swamp_ruin_house_3, swamp_pool_1_2,
          infiniplex_staircase_pool
Swamp:2:  layout_falls_marsh, serial_swamp_ruin, evilmike_swamp_ruin_rubble_1,
          evilmike_swamp_ruin_house_2, swamp_pool_1_2, cheibrodos_swamp_witchery
Swamp:3:  layout_basic_swamp, nicolae_swamp_small_spring
Swamp:4:  swamp_icy, layout_basic_swamp, swamp_pool_4, uniq_roxanne
Spider:1: layout_spider_delve, hangedman_spider_tarantella_strand,
          uniq_mlioglotl
Spider:2: layout_spider_delve, nicolae_spider_some_kinda_spiderbox
Spider:3: layout_spider_delve, uniq_bai_suzhen, uniq_donald, uniq_louise
Spider:4: grunt_spider_rune_circles, gammafunk_ghost_berserking_beasts,
          uniq_arachne
Orc:1:    layout_diamond_mine, basic_altar
Orc:2:    st_orc_ogre_mass, layout_diamond_mine, serial_shops, shop,
          gammafunk_ghost_abyssal_escape, mines1_david
Elf:1:    layout_onion_city, kennysheep_underground_church, uniq_agnes
Elf:2:    elven_hall_of_blades_hangedman_original [nicolae_blade_lattice],
          layout_onion_city, serial_shops, nicolae_shop_waterfront, basic_altar
Elf:3:    minmay_elf_hall_furrowed, layout_onion_city,
          ebering_ghost_rock_garden, nicolae_shop_sticking_my_neck_out
Vaults:1: vaults_standard_mumra_enter_the_diamond, door_vault,
          vaults_room_pools, hangedman_vaults_stagger,
          nicolae_vaults_three_branches, v_misc_5, nicolae_vaults_trapezoid_3,
          nicolae_vaults_big_ls, grunt_vaults_hallway_short,
          ontoclasm_vaults_fault, nicolae_vaults_mini_display_case,
          layout_vaults_ring, serial_shops, bzr_entry_customers
Vaults:2: v_misc_13, v_pattern_5, vaults_standard_mumra_x, v_misc_17,
          ontoclasm_vaults_ring_square, nicolae_vaults_tetromino_T_1,
          nicolae_vaults_ellipses_ellipsis, nicolae_vaults_back_hallway,
          serial_library_hellmonk_open_cross, grunt_vaults_funnel,
          nicolae_vaults_sesquioval_fish, hangedman_vaults_snaps,
          layout_vaults_omnibox
Vaults:3: v_misc_9, nicolae_vaults_storage_closets_2, v_alt_pattern_2,
          vaults_dpeg_diagonal, blue_anna_dwarven_crypt,
          ontoclasm_vaults_loading_screen, nicolae_vaults_heart-shaped_vault,
          vaults_room_ringed_pool, nicolae_vaults_hexular_roomagon,
          layout_vaults_omnigrid, serial_shops, nicolae_shop_waterfront
Vaults:4: hangedman_vaults_slice, nicolae_vaults_stand_back,
          nicolae_vaults_closet_pinwheel_6, ontoclasm_vaults_claustrophobia,
          nicolae_vaults_heist, nicolae_vaults_tetromino_T_1,
          nicolae_vaults_sesquioval_fish, nicolae_vaults_door_testing_chamber,
          grunt_vaults_hallway_long, v_misc_29, nicolae_vaults_tetromino_T_1,
          nicolae_vaults_trapezoid_lopsided_1, layout_vaults_chaotic_city,
          serial_shops, nicolae_diamond_shop, uniq_sojobo, uniq_jory
Vaults:5
Crypt:1:  layout_misc_corridors, st_stairs_14, minivault_19,
          nicolae_crypt_ancient_font, corexii_hall_statues_l, evilmike_ambush
          [evilmike_ambush_outer_corners, evilmike_ambush_inner_cross]
Crypt:2:  layout_misc_corridors, roderic_lattice_octagonal_star, uniq_mennas,
          uniq_vv
Crypt:3:  grunt_crypt_end_deaths_head
Depths:1: minmay_open_boxes_in_corner, layout_small_grid, serial_shops, shop,
          lightli_too_deep, abyss_entry, minmay_metal_thing, grunt_megastairs_4
Depths:2: minmay_the_grid_net [minmay_the_grid_spin_star, minmay_the_grid_mess,
          minmay_the_grid_airy, minmay_the_grid_armoury,
          minmay_the_grid_plusring, minmay_the_grid_prize_four_corners],
          layout_cave_pools, pan_entry, hell_entry, serial_shops,
          nicolae_shop_behind_doors, st_stairs_12, evilmike_ruin_ashenzari,
          uniq_grunn, uniq_asterion
Depths:3: minmay_quantized_circle, layout_honeycomb, enter_ziggurat_f,
          pf_hell_entry_tar_spiral, minmay_holes, rand_demon_pan_entry_7,
          hangedman_abyss_entry_splay
Depths:4: grunt_crosshair, layout_gridville, hangedman_coc_ice_floe,
          grunt_decor_one_mirror, minmay_shoptagon, serial_bayou_shore_b
Zot:1:    layout_gridville, lemuel_golem_globe
Zot:2:    layout_concentric_octagons, bh_zot_lava_cross, nicolae_shop_clearance
Zot:3:    layout_twisted_circle, st_stairs_7, grunt_megastairs_5
Zot:4:    layout_misc_corridors, hangedman_zot_wheel_spokes
Zot:5:    layout_misc_corridors, st_stairs_5

Skill      XL: |  1  2  3  4  5  6  7  8  9 10 11 12 13 14 15 16 17 18 19 20 21 22 23 24 25 |
---------------+----------------------------------------------------------------------------+-----
Ranged Weapons | 4 5 6 8 9 10 11 14 15 17 19 20 | 20.0
Dodging        | 3 4 7 9 10 11 13 15 16 18 20 21 22 | 22.0
Fighting       | 3 4 6 7 9 11 13 14 15 16 17 19 20 21 22 | 22.0
Armour         | 2 4 5 7 |  7.0
Evocations     | 1 3 5 6 8 10 11 | 11.0
Shapeshifting  | 8 13 14 15 16 17 18 19 | 19.1
Shields        | 11 13 15 16 17 | 17.3
Stealth        | 5 |  5.0

Action                     |  1- 3 |  4- 6 |  7- 9 | 10-12 | 13-15 | 16-18 | 19-21 | 22-24 | 25-27 || total
---------------------------+-------+-------+-------+-------+-------+-------+-------+-------+-------++-------
   Fire: Shortbow          |    74 |   128 |   212 |   186 |       |       |       |       |       ||   600
         Longbow           |       |       |       |   162 |  1012 |  1488 |   416 |       |       ||  3078
         Arbalest          |       |       |       |       |       |       |   131 |       |       ||   131
         Hand cannon       |       |       |       |       |       |       |   785 |  1384 |   189 ||  2358
  Evoke: Wand              |       |       |     1 |     2 |       |       |       |       |       ||     3
         Phial of floods   |       |       |       |       |       |     1 |       |       |       ||     1
    Use: Scroll            |     1 |     7 |    13 |     6 |     4 |     8 |    15 |    22 |     4 ||    80
         Potion            |       |     2 |       |     1 |     1 |     2 |     2 |     5 |       ||    13
 Armour: Leather armour    |     8 |    39 |    32 |     5 |       |       |       |       |       ||    84
         Steam dragon scal |       |       |       |    50 |       |       |       |       |       ||    50
         Robe              |       |       |       |    14 |   110 |    28 |       |       |       ||   152
         Troll leather arm |       |       |       |       |       |   161 |       |       |       ||   161
         Skin              |       |       |       |       |       |    52 |   760 |   793 |    70 ||  1675
  Dodge: Dodged            |    14 |    55 |    64 |   159 |   505 |   771 |  2984 |  4061 |   467 ||  9080
  Block: Kite shield       |       |       |       |       |       |       |  1211 |  2367 |   309 ||  3887
         Reflection        |       |       |       |       |       |       |     9 |    52 |    12 ||    73
   Form: Statue            |       |       |       |       |       |     1 |     1 |       |       ||     2
                           |       |       |       |       |       |       |     1 |       |       ||     1

Table legend: (Time is in decaauts)
 A = Elapsed time spent in this place.
 B = Non-inter-level travel time spent in this place.
 C = Inter-level travel time spent in this place.
 D = Time resting spent in this place.
 E = Time spent auto-exploring this place.
 F = Levels seen in this place.
 G = Mean time per level.
                   A        B        C        D        E       F      G
               +--------+--------+--------+--------+--------+-----+--------+
         Total |  73730 |  65018 |   8712 |  11636 |  38008 |  52 | 1417.9 |
       Dungeon |  16649 |  14028 |   2621 |   2785 |   8661 |  15 | 1109.9 |
          Lair |   5911 |   4748 |   1163 |    404 |   3617 |   5 | 1182.2 |
         Swamp |   2556 |   2400 |    156 |    225 |   1714 |   4 |  639.0 |
   Spider Nest |   6495 |   5422 |   1073 |   2363 |   2043 |   4 | 1623.8 |
  Orcish Mines |   2002 |   1286 |    716 |      1 |    883 |   2 | 1001.0 |
   Elven Halls |   3406 |   3120 |    286 |     76 |   2501 |   3 | 1135.3 |
        Vaults |  12505 |  11142 |   1363 |   1331 |   6969 |   5 | 2501.0 |
         Crypt |   4482 |   4302 |    180 |    272 |   2680 |   3 | 1494.0 |
        Depths |   9976 |   9293 |    683 |   2116 |   4927 |   4 | 2494.0 |
           Zot |   8861 |   8394 |    467 |   1804 |   3800 |   5 | 1772.2 |
        Bazaar |    104 |    104 |      0 |      0 |     40 |   1 |  104.0 |
        Bailey |    778 |    778 |      0 |    256 |    170 |   1 |  778.0 |
               +--------+--------+--------+--------+--------+-----+--------+

Top non-repeatable levels by time:
Vaults:3: 3224 daAuts
Vaults:4: 2742 daAuts
Depths:3: 2652 daAuts
Depths:2: 2626 daAuts
Depths:1: 2532 daAuts
Vaults:5: 2528 daAuts
Spider:4: 2198 daAuts
Depths:4: 2165 daAuts
Vaults:2: 2147 daAuts
Spider:2: 2092 daAuts
   Zot:3: 2024 daAuts
   Zot:1: 1943 daAuts
   Zot:2: 1942 daAuts
Vaults:1: 1863 daAuts
   Zot:5: 1838 daAuts
